 Dungeon Crawl Stone Soup version 0.15.0-23-gc2b521c (webtiles) character file.

1396 Johnny the Charmwright (level 9, -10/65 HPs)
             Began as a Formicid Skald on Sept 8, 2014.
             Mangled by an orc warrior
             ... wielding a +0 halberd
              (14 damage)
             ... on Level 6 of the Dungeon.
             The game lasted 00:14:07 (6700 turns).

Johnny the Charmwright (Formicid Skald)             Turns: 6700, Time: 00:14:07

HP -10/65        AC  9     Str 18      XL: 9   Next:  0%
MP  15/21        EV 10     Int 12      God:
Gold 411         SH  4     Dex 13      Spells:  3 memorised, 10 levels left

rFire  . . .     SeeInvis +     t - +0 morningstar
rCold  . . .     Clarity  .     x - +1 ring mail {MR+}
rNeg   . . .     rCorr    .     o - +0 buckler
rPois  .         rRot     .     (helmet unavailable)
rElec  .         Spirit   .     p - +0 cloak
SustAb .         Warding  .     (no gloves)
rMut   .         Stasis   +     s - +0 pair of boots
Gourm  .                        (no amulet)
MR     +....                    m - +1 ring of intelligence
                                (no ring)

@: shrouded, infused (expiring), very slightly contaminated, somewhat resistant
to hostile enchantments, very unstealthy
A: permanent stasis, dig shafts and tunnels, four strong arms, antennae 3
a: Dig, Shaft Self


You were on level 6 of the Dungeon.
You were not hungry.

You visited 1 branch of the dungeon, and saw 6 of its levels.

You collected 411 gold pieces.

Inventory:

Hand weapons
 a - a +0 mace
 t - a +0 morningstar (weapon)
 u - a +0 flail
Armour
 o - a +0 buckler (worn)
 p - a +0 cloak (worn)
 s - a +0 pair of boots (worn)
 x - a +1 ring mail of magic resistance (worn)
Magical devices
 v - a wand of paralysis (13) {unknown}
Comestibles
 d - 4 bread rations
Scrolls
 f - 4 scrolls of remove curse
 l - a scroll of recharging {unknown}
 n - a scroll of noise {unknown}
 y - a scroll of identify {unknown}
Jewellery
 g - an uncursed ring of flight {unknown}
 m - a +1 ring of intelligence (right hand)
Potions
 b - a potion of invisibility {unknown}
 e - a potion of restore abilities
 h - a potion of brilliance {unknown}
 i - a potion of resistance {unknown}
 q - a potion of haste {unknown}
 r - 2 potions of poison {unknown}
 w - 3 potions of curing {unknown}
Books
 c - a book of Battle

   Spells                             Type                      Level
   *Infusion                          Charms                       1
   *Shroud of Golubria                Charms/Translocation         2
   Song of Slaying                    Charms                       2
   Spectral Weapon                    Hexes/Charms                 3
   *Regeneration                      Charms/Necromancy            3
 k - a book of the Tempests

   Spells                             Type                      Level
   Static Discharge                   Conjuration/Air              3
   Lightning Bolt                     Conjuration/Air              5
   Fireball                           Conjuration/Fire             5
   Tornado                            Air                          9
   Shatter                            Earth                        9


   Skills:
 * Level 4.1 Fighting
 * Level 3.9 Maces & Flails
 * Level 3.8 Armour
 * Level 3.0 Dodging
 * Level 2.4 Shields
 * Level 4.3 Spellcasting
 * Level 4.8 Charms
 * Level 2.9 Necromancy
 * Level 2.4 Translocations
 * Level 3.1 Evocations


You had 10 spell levels left.
You knew the following spells:

 Your Spells              Type           Power        Failure   Level  Hunger
a - Infusion              Chrm           ##....       4%          1    None
b - Shroud of Golubria    Chrm/Tloc      ##........   12%         2    ##.....
c - Regeneration          Chrm/Necr      ##........   21%         3    ###....


Dungeon Overview and Level Annotations

Branches:
Dungeon (6/15)
 Temple: D:4-7

Altars:
Ashenzari
Elyvilon
Kikubaaqudgha
Makhleb
Nemelex Xobeh
Trog
Vehumet
Xom
Zin

Shops:
D:5 [


Innate Abilities, Weirdness & Mutations

Your are under a permanent stasis effect.
You can dig through walls and to a lower floor.
Your four strong arms can wield two-handed weapons with a shield.
You have a pair of large antennae on your head (SInv).


Message History

Space distorts slightly along a thin shroud covering your body.
Your shroud bends the orc warrior's attack away!
You hit the orc warrior but do no damage.
The orc warrior is severely wounded.
The orc warrior hits you with a halberd!
You hit the orc warrior but do no damage.
The orc warrior is severely wounded.
You block the orc warrior's attack.
You closely miss the orc warrior.
The orc warrior is severely wounded.
The orc warrior barely misses you.
You hit the orc warrior but do no damage.
The orc warrior is severely wounded.
The orc warrior hits you with a halberd!!
* * * LOW HITPOINT WARNING * * *
You closely miss the orc warrior.
The orc warrior is severely wounded.
Your magical infusion is running out.
The orc warrior hits you with a halberd!
You die...

####...######.###.###
#.................##.
#.##...######.##..#.#
#......######.##.....
#....#............#.#
#......######..).....
#..##### #.......###
#..##### #.#####.###
#>..@oo# #......
#.####.# #.#%###
#{##{..# #.#.###
#...{.....# #.#%...
.##...)..# #.####.
#.o_...# #. #.
#.....o# #. #.
#....... .< #.
..##o### # #.


You could see an orc warrior and an orc.

Vanquished Creatures
  Grinder (D:3)
  A black bear (D:6)
  A phantom (D:5)
  2 ogres
  3 giant frogs
  A scorpion (D:4)
  A hound (D:4)
  An orc priest (D:6)
  An iguana (D:4)
  7 worker ants
  A giant frog skeleton (D:5)
  2 orc wizards (D:6)
  Jessica (D:3)
  An ogre zombie (D:5)
  6 adders
  4 gnolls
  A shadow imp (D:5)
  4 worms
  An inept item mimic (D:6)
  An adder zombie (D:6)
  3 giant geckos
  2 oozes
  7 orcs
  3 ball pythons
  11 bats
  A bat skeleton (D:5)
  2 giant cockroaches
  16 goblins
  13 hobgoblins
  2 quokkas
  4 giant newts
  8 kobolds
  A kobold skeleton (D:4)
  2 kobold zombies (D:5)
  14 rats
  A rat skeleton (D:4)
  A rat zombie (D:5)
132 creatures vanquished.

Notes
Turn   | Place    | Note
--------------------------------------------------------------
     0 | D:1      | Johnny, the Formicid Skald, began the quest for the Orb.
     0 | D:1      | Reached XP level 1. HP: 16/16 MP: 3/3
    20 | D:1      | Reached skill level 1 in Dodging
   143 | D:1      | Reached XP level 2. HP: 20/23 MP: 5/5
   535 | D:1      | Reached XP level 3. HP: 25/28 MP: 7/7
   694 | D:2      | Learned a level 2 spell: Shroud of Golubria
   698 | D:2      | Learned a level 3 spell: Regeneration
  1157 | D:2      | Reached XP level 4. HP: 10/34 MP: 0/9
  1506 | D:2      | Found a glowing silver altar of Zin.
  1506 | D:2      | Found a burning altar of Makhleb.
  1507 | D:2      | Noticed a cacodemon
  1507 | D:2      | Noticed an angel
  1814 | D:3      | Found a radiant altar of Vehumet.
  2163 | D:3      | Reached skill level 1 in Evocations
  2163 | D:3      | Reached XP level 5. HP: 30/40 MP: 7/11
  2322 | D:3      | Found an ancient bone altar of Kikubaaqudgha.
  2322 | D:3      | Found a shimmering altar of Xom.
  2323 | D:3      | Found a sparkling altar of Nemelex Xobeh.
  2395 | D:3      | Noticed Jessica
  2409 | D:3      | Killed Jessica
  2426 | D:3      | Noticed Grinder
  2457 | D:3      | Killed Grinder
  2457 | D:3      | Reached skill level 4 in Charms
  2457 | D:3      | Reached skill level 1 in Necromancy
  2457 | D:3      | Reached skill level 1 in Translocations
  2457 | D:3      | Reached XP level 6. HP: 19/47 MP: 6/15
  2457 | D:3      | Reached XP level 7. HP: 21/52 MP: 6/16
  2622 | D:3      | Found a white marble altar of Elyvilon.
  2984 | D:4      | Found a bloodstained altar of Trog.
  3061 | D:5      | Entered Level 5 of the Dungeon
  3065 | D:5      | Found Witzioh's Armour Boutique.
  3700 | D:4      | Reached skill level 1 in Shields
  4438 | D:4      | Found a sparkling altar of Nemelex Xobeh.
  4533 | D:4      | Reached XP level 8. HP: 44/58 MP: 14/19
  6418 | D:6      | Reached XP level 9. HP: 35/65 MP: 17/21
  6680 | D:6      | Found a shattered altar of Ashenzari.
  6700 | D:6      | Mangled by an orc warrior

Action                   |  1- 3 |  4- 6 |  7- 9 || total
-------------------------+-------+-------+-------++-------
Melee: Mace              |   115 |    31 |       ||   146
       Flail             |       |    80 |   229 ||   309
       Morningstar       |       |       |    82 ||    82
 Cast: Infusion          |     2 |     6 |    16 ||    24
       Shroud of Golubri |       |       |    26 ||    26
       Regeneration      |       |       |     7 ||     7
 Abil: Evoke Teleportati |       |       |     3 ||     3
  Use: Potion            |       |     3 |       ||     3
       Scroll            |       |       |     6 ||     6
  Eat: Meat ration       |       |     1 |     3 ||     4
       Fruit             |       |     1 |     1 ||     2
       Chunk             |       |     1 |     2 ||     3
       Beef jerky        |       |       |     1 ||     1
